 Dungeon Crawl Stone Soup version 0.21.1-74-g47da9253eb (webtiles) character file.

70 Lavandula the Chopper (level 4, 0/38 HPs)
             Began as a Centaur Berserker on Aug 7, 2018.
             Was a Believer of Trog.
             Slain by an ogre
             ... wielding a +0 giant club
              (6 damage)
             ... on level 3 of the Dungeon on Aug 8, 2018.
             The game lasted 00:04:41 (842 turns).

Lavandula the Chopper (Centaur Berserker)            Turns: 842, Time: 00:04:42

Health: 0/38       AC:  5    Str: 23    XL:     4   Next: 3%
Magic:  4/4        EV:  9    Int:  6    God:    Trog [**....]
Gold:   39         SH:  4    Dex:  8    Spells: 3/3 levels left

rFire    . . .     SeeInvis .   a - +0 hand axe
rCold    . . .     Gourm    .   (no shield)
rNeg     . . .     Faith    .   h - +0 ring mail
rPois    .         Spirit   .   (helmet restricted)
rElec    .         Reflect  .   (no cloak)
rCorr    .         Harm     .   (no gloves)
MR       .....     Clarity  +   (no barding)
Stlth    ..........             (no amulet)
HPRegen  0.12/turn              (no ring)
MPRegen  0.09/turn              (no ring)

@: berserk cooldown, very quick
A: large, hooves 3, horns 1, large bone plates 1, clarity, deformed body, speed
2, strong 1, tough skin 3
a: Berserk, Trog's Hand, Burn Spellbooks, Renounce Religion


You were on level 3 of the Dungeon.
You worshipped Trog.
Trog was pleased with you.
You were hungry.

You visited 1 branch of the dungeon, and saw 3 of its levels.

You collected 39 gold pieces.

Inventory:

Hand Weapons
 a - a +0 hand axe (weapon)
Armour
 b - a +0 animal skin
 h - a +0 ring mail (worn)
Scrolls
 d - a scroll of identify
 f - a scroll of amnesia
 g - a scroll of remove curse
Comestibles
 c - 2 rations


   Skills:
 - Level 3.0 Fighting
 + Level 4.5 Axes
 - Level 1.3 Armour
 - Level 1.3 Dodging


You had 3 spell levels left.
You didn't know any spells.

Dungeon Overview and Level Annotations

Branches:
Dungeon (3/15)

Altars:


Innate Abilities, Weirdness & Mutations

You have hooves in place of feet.
Armour fits poorly on your strangely shaped body.
You cover ground very quickly.
You have extremely tough skin. (AC +3)
You have a pair of small horns on your head.
You are partially covered in large bone plates. (SH +4)
You possess an exceptional clarity of mind.
Your muscles are strong. (Str +2)


Message History

* * * LOW HITPOINT WARNING * * *
The hobgoblin barely misses you.
You hear the sound of rushing water.
There is an entrance to a sewer on this level.
Hurry and find it before the portal rusts away!
Welcome back, Lavandula the Centaur Berserker.
Trog says: Kill them all!
Press ? for a list of commands and other information.
Unknown command.
Unknown command.
Okay, then.
Okay, then.
Okay, then.
You aren't carrying any items that you can evoke.
Unknown command.
It was a potion of mutation.
You feel extremely strange.
Your thoughts seem clearer.
You feel stronger. A pair of horns grows on your head!
Large bone plates grow over parts of your arms.
The hobgoblin barely misses you. The ogre hits you with a giant club.
You die...

###########
#.........#
#.........#####
#......(.)...<#
######.########
#g# #@# #O# ...
..... .......
...###### ...#
#..#


You could see an ogre and a hobgoblin.

Vanquished Creatures
  An adder (D:2)
  2 worms
  2 dart slugs (D:1)
  2 leopard geckos
  5 orcs
  3 goblins
  4 hobgoblins (D:1)
  10 jackals
  A frilled lizard (D:2)
  6 kobolds
  3 rats
39 creatures vanquished.

Notes
Turn   | Place    | Note
-------+----------+-------------------------------------------
     0 | D:1      | Lavandula the Centaur Berserker began the quest for the Orb.
     0 | D:1      | Reached XP level 1. HP: 19/19 MP: 1/1
    46 | D:1      | Reached skill level 3 in Axes
    50 | D:1      | Reached XP level 2. HP: 4/26 MP: 2/2
   170 | D:1      | Reached XP level 3. HP: 8/31 MP: 3/3
   598 | D:2      | Reached skill level 4 in Axes
   602 | D:2      | Reached ** piety under Trog
   808 | D:3      | Reached XP level 4. HP: 34/38 MP: 4/4
   837 | D:3      | Noticed an ogre
   842 | D:3      | Gained mutation: You possess an exceptional clarity of mind. [potion of mutation]
   842 | D:3      | Gained mutation: Your muscles are strong. (Str +2) [potion of mutation]
   842 | D:3      | Gained mutation: You have a pair of small horns on your head. [potion of mutation]
   842 | D:3      | Gained mutation: You are partially covered in large bone plates. (SH +4) [potion of mutation]
   842 | D:3      | Slain by an ogre

Skill      XL: |  1  2  3 |
---------------+----------+-----
Axes           | 3 4 |  4.5
Fighting       | |  3.0
Armour         | |  1.3
Dodging        | |  1.3

Action                   |  1- 3 |  4- 6 || total
-------------------------+-------+-------++-------
Melee: Hand axe          |    77 |     5 ||    82
       Kick              |     9 |     2 ||    11
Invok: Berserk           |     5 |       ||     5
  Use: Scroll            |     2 |       ||     2
       Potion            |       |     1 ||     1
  Eat: Chunk             |     2 |     1 ||     3
Armor: Animal skin       |    26 |       ||    26
       Ring mail         |     2 |     2 ||     4
Dodge: Dodged            |    44 |     9 ||    53
